 Dungeon Crawl Stone Soup version 0.22.0-36-g8e74550d25 (webtiles) character file.

3568 Artagas the Summoner (level 10, -1/77 HPs)
             Began as a Barachi Summoner on Aug 23, 2018.
             Was a Priest of Sif Muna.
             Slain by a polar bear (6 damage)
             ... on level 10 of the Dungeon on Aug 24, 2018.
             The game lasted 00:36:40 (13624 turns).

Artagas the Summoner (Barachi Summoner)            Turns: 13624, Time: 00:36:41

Health: -1/77      AC:  7    Str:  9    XL:     10   Next: 9%
Magic:  6/21       EV: 12    Int: 18    God:    Sif Muna [***...]
Gold:   569        SH:  0    Dex: 14    Spells: 7/24 levels left

rFire    + . .     SeeInvis .   H - +4 spear
rCold    . . .     Gourm    .   (no shield)
rNeg     . . .     Faith    .   a - +1 robe
rPois    .         Spirit   .   (no helmet)
rElec    .         Reflect  .   (no cloak)
rCorr    .         Harm     .   (no gloves)
MR       .....                  (no boots)
Stlth    ++........             K - amulet of the acrobat
HPRegen  0.22/turn              L - ring of protection from fire
MPRegen  0.17/turn              D - +4 ring of protection

@: can't hop, slow
A: +LOS, swims, slowness 1, strong legs 1
a: Hop, Divine Energy, Channel Magic, Renounce Religion


You were on level 10 of the Dungeon.
You worshipped Sif Muna.
Sif Muna was most pleased with you.
You were hungry.

You visited 2 branches of the dungeon, and saw 11 of its levels.

You collected 569 gold pieces.

Inventory:

Hand Weapons
 f - a +3 dagger of protection
 l - a +2 falchion of protection
 B - a +0 dagger of electrocution
 H - a +4 spear (weapon)
Armour
 a - a +1 robe (worn)
Jewellery
 k - an uncursed amulet of regeneration
 y - an uncursed ring of stealth
 D - a +4 ring of protection (right hand)
 K - an amulet of the acrobat (around neck)
 L - a ring of protection from fire (left hand)
Wands
 F - a wand of random effects (18)
 G - a wand of iceblast (7)
 J - a wand of flame (31)
Scrolls
 e - 2 scrolls of immolation {unknown}
 g - a scroll of magic mapping {unknown}
 i - 6 scrolls of teleportation
 j - a scroll of blinking {unknown}
 m - 5 scrolls of enchant armour
 p - 4 scrolls of fog {unknown}
 q - 7 scrolls of remove curse
 u - a scroll of amnesia {unknown}
 A - a scroll of enchant weapon
 C - a scroll of random uselessness {unknown}
 I - a scroll of vulnerability {unknown}
 M - a scroll of fear
Potions
 d - 2 potions of curing
 h - 2 potions of ambrosia {unknown}
 n - a potion of magic {unknown}
 o - 3 potions of agility
 r - 2 potions of cancellation
 s - 2 potions of lignification
 t - 2 potions of flight {unknown}
 v - 2 potions of degeneration {unknown}
 w - 3 potions of brilliance
 x - a potion of haste {unknown}
 z - 2 potions of heal wounds {unknown}
Comestibles
 c - 14 rations


   Skills:
 + Level 6.9 Fighting
 - Level 2.2 Dodging
 - Level 1.8 Stealth
 + Level 7.6 Spellcasting
 + Level 11.8 Summonings
 + Level 3.6 Ice Magic
 - Level 4.0 Air Magic


You had 7 spell levels left.
You knew the following spells:

 Your Spells              Type           Power        Failure   Level  Hunger
a - Call Canine Familiar  Summ           #####...     1%          3    #......
b - Summon Lightning Spi  Summ/Air       #####...     3%          4    ###....
c - Summon Guardian Gole  Hex/Summ       ####....     2%          3    #......
d - Summon Ice Beast      Ice/Summ       ####....     4%          4    ###....
e - Summon Small Mammal   Summ           ####         1%          1    None
f - Call Imp              Summ           #####...     1%          2    None

Your spell library contained the following spells:

 Spells                   Type           Power        Failure   Level  Hunger
 Corona                   Hex            #......      11%         1    None
 Slow                     Hex            #.......     16%         2    None
 Inner Flame              Hex/Fire       #.......     30%         3    #......
 Portal Projectile        Hex/Tloc       #.....       30%         3    #......
 Cause Fear               Hex            #.........   71%         4    ###....
 Leda's Liquefaction      Hex/Erth       #.........   71%         4    ###....
 Silence                  Hex/Air        ##........   77%         5    #####..
 Conjure Ball Lightning   Conj/Air       ##........   100%        6    ######.
 Deflect Missiles         Chrm/Air       ##........   100%        6    ######.
 Tornado                  Air            ###.......   100%        9    #######


Dungeon Overview and Level Annotations

Branches:
Dungeon (10/15)            Temple (1/1) D:4            Lair (0/6) D:8
    Orc: D:9-12

Altars:
Ashenzari
Cheibriados
Dithmenos
Elyvilon
Fedhas
Gozag
Hepliaklqana
Kikubaaqudgha
Makhleb
Nemelex Xobeh
Okawaru
Qazlal
Ru
Sif Muna
Trog
Uskayaw
Vehumet
Wu Jian
Xom
Yredelemnul
Zin
The Shining One

Shops:
D:8 :

Annotations:
D:5 3 runed doors, Rrauwl's ghost, amateur HOFi
D:6 1 runed door
D:7 3 runed doors, flt's ghost, novice OpFi


Innate Abilities, Weirdness & Mutations

Shadows flee at your approach. (+LOS)
You can swim through water.
You cover ground slowly.
You can hop short distances.


Message History

The polar bear is almost dead.
The polar bear bites you!!
The polar bear claws you but does no damage. x2
The polar bear barely misses you. The polar bear claws you.
* * * LOW HITPOINT WARNING * * *
The polar bear barely misses you.
Hop to where?
Press: ? - help, Dir - move target cursor Boing!
As you read the scroll of fear, it crumbles to dust.
You assume a fearsome visage.
The polar bear bites you but does no damage.
The polar bear barely misses you. The polar bear claws you.
* * * LOW HITPOINT WARNING * * *
The polar bear bites you!
* * * LOW HITPOINT WARNING * * *
The polar bear claws you.
* * * LOW HITPOINT WARNING * * *
The polar bear claws you.
You die...

_.....# ###'## ......#
#.# ....#.#### #.#
#........# #.#
.....$...# #.#
#........# ###'###
#........# #...#.#
#....†...#######†###.#
#.......§h@....'†..#.#
#........#########.#.#
########## #.....#
#######


You could see a polar bear (berserk).

Vanquished Creatures
  A hippogriff (D:9)
  A black bear (D:9)
  An ice beast (D:6)
  A bullfrog (D:8)
  A killer bee (D:7)
  A howler monkey (D:4)
  3 hounds
  An orc priest (D:10)
  An orc wizard (D:9)
  A worker ant (D:5)
  A hound zombie (D:5)
  6 adders
  An adder skeleton (D:9)
  3 worms
  A dart slug (D:2)
  6 leopard geckos
  7 orcs
  2 giant cockroaches (D:1)
  8 goblins
  8 hobgoblins
  13 kobolds
  4 quokkas
  5 bats
  3 frilled lizards
  A leopard gecko skeleton (D:4)
  A quokka skeleton (D:4)
  8 rats
90 creatures vanquished.

Vanquished Creatures (collateral kills)
  Pikel (D:7)
  A troll (D:8)
  A polar bear (D:10)
  Grinder (D:3)
  A wraith (D:10)
  Eustachio (D:6)
  2 hungry ghosts
  2 orc warriors
  2 slaves (D:7)
  A black bear (D:9)
  An ice beast (D:9)
  A sky beast (D:9)
  5 ogres
  A phantom (D:6)
  4 centaurs
  2 big kobolds
  3 bullfrogs
  Blork the orc (D:6)
  8 killer bees
  A scorpion (D:6)
  5 wights (D:8)
  2 howler monkeys (D:7)
  2 crimson imps
  A bullfrog skeleton (D:8)
  A centaur skeleton (D:4)
  4 orc priests
  6 orc wizards
  3 hounds
  3 iguanas
  Natasha (thrice) (D:3)
  4 worker ants
  A killer bee zombie (D:5)
  A hound skeleton (D:6)
  4 gnolls (D:3)
  6 adders
  A howler monkey skeleton (D:7)
  A shadow imp (D:9)
  An ooze (D:6)
  2 adder skeletons
  An adder zombie (D:9)
  A leopard gecko (D:4)
  17 orcs
  A ball python (D:5)
  A giant cockroach (D:3)
  A goblin (D:1)
  2 hobgoblins (D:3)
  4 jackals (D:2)
  A quokka (D:8)
  A bat (D:3)
  A frilled lizard (D:5)
  A jackal skeleton (D:4)
  5 kobolds
  2 rats
130 creatures vanquished.

Vanquished Creatures (others)
  Harold (D:7)
  A slave (D:7)
  4 toadstools (D:1)
6 creatures vanquished.

Grand Total: 226 creatures vanquished

Notes
Turn   | Place    | Note
-------+----------+-------------------------------------------
     0 | D:1      | Artagas the Barachi Summoner began the quest for the Orb.
     0 | D:1      | Reached XP level 1. HP: 13/13 MP: 3/3
   328 | D:1      | Reached skill level 5 in Summonings
   595 | D:1      | Reached XP level 2. HP: 19/19 MP: 5/5
  1255 | D:1      | Reached XP level 3. HP: 24/24 MP: 6/6
  1442 | D:1      | Learned a level 2 spell: Call Imp
  1446 | D:1      | Learned a level 3 spell: Call Canine Familiar
  1497 | D:2      | Reached skill level 6 in Summonings
  2102 | D:2      | Reached XP level 4. HP: 30/30 MP: 7/7
  2806 | D:3      | Noticed Natasha
  2820 | D:3      | Killed Natasha
  2960 | D:3      | Reached skill level 7 in Summonings
  2986 | D:3      | Reached XP level 5. HP: 31/35 MP: 1/9
  3188 | D:3      | Noticed Natasha
  3197 | D:3      | Killed Natasha
  3206 | D:3      | Noticed Natasha
  3401 | D:3      | Killed Natasha
  3924 | D:3      | Noticed Grinder
  3943 | D:3      | Killed Grinder
  3943 | D:3      | Reached skill level 8 in Summonings
  3943 | D:3      | Reached XP level 6. HP: 22/41 MP: 5/11
  4570 | D:4      | Learned a level 3 spell: Summon Guardian Golem
  5041 | D:4      | Found an ancient bone altar of Kikubaaqudgha.
  5044 | D:4      | Found a bloodstained altar of Trog.
  5205 | D:4      | Found a snail-covered altar of Cheibriados.
  5206 | D:4      | Found a white marble altar of Elyvilon.
  5210 | D:4      | Found an opulent altar of Gozag.
  5210 | D:4      | Found a radiant altar of Vehumet.
  5211 | D:4      | Found a glowing silver altar of Zin.
  5211 | D:4      | Found a shimmering altar of Xom.
  5267 | D:4      | Reached skill level 1 in Fighting
  5267 | D:4      | Reached XP level 7. HP: 30/48 MP: 8/13
  5527 | D:4      | Found a staircase to the Ecumenical Temple.
  5535 | Temple   | Entered the Ecumenical Temple
  5543 | Temple   | Became a worshipper of Sif Muna the Loreminder
  5571 | D:5      | Entered Level 5 of the Dungeon
  5742 | D:5      | Found a runed gate.
  5743 | D:5      | Found an opulent altar of Gozag.
  5744 | D:5      | Found a runed gate.
  5744 | D:5      | Found a runed gate.
  5744 | D:5      | Noticed Rrauwl's ghost (amateur HOFi)
  5745 | D:5      | Noticed a yak
  5780 | D:5      | Reached skill level 9 in Summonings
  6530 | D:5      | Found a sparkling altar of Nemelex Xobeh.
  7105 | D:6      | Noticed Eustachio
  7127 | D:6      | Killed Eustachio
  7946 | D:6      | Reached XP level 8. HP: 21/58 MP: 7/15
  8211 | D:6      | Noticed Blork the orc
  8222 | D:6      | Killed Blork the orc
  8381 | D:6      | Reached * piety under Sif Muna
  8381 | D:6      | Reached skill level 5 in Spellcasting
  8381 | D:6      | Reached skill level 10 in Summonings
  8697 | D:6      | Learned a level 4 spell: Summon Lightning Spire
  9461 | D:6      | Found a runed door.
  9919 | D:7      | Reached skill level 1 in Air Magic
 10156 | D:7      | Noticed Pikel
 10190 | D:7      | Killed Pikel
 10271 | D:7      | Found a runed gate.
 10271 | D:7      | Found a runed gate.
 10271 | D:7      | Found a runed gate.
 10272 | D:7      | Noticed flt's ghost (novice OpFi)
 10371 | D:7      | Reached skill level 5 in Fighting
 10403 | D:7      | Reached XP level 9. HP: 68/68 MP: 13/17
 10575 | D:7      | Reached ** piety under Sif Muna
 10695 | D:7      | Noticed Harold
 10705 | D:7      | Killed Harold
 10705 | D:7      | Reached skill level 11 in Summonings
 10971 | D:8      | Found a staircase to the Lair.
 11020 | D:8      | Noticed a troll
 11048 | D:8      | Killed a troll
 11286 | D:8      | Found a stormy altar of Qazlal.
 11561 | D:8      | Found Bap Wycellej's Book Boutique.
 11620 | D:8      | Learned a level 4 spell: Summon Ice Beast
 12075 | D:9      | Reached skill level 1 in Ice Magic
 12552 | D:9      | Reached *** piety under Sif Muna
 12803 | D:9      | Upgraded the game from 0.22.0-35-ge4bf2f5f59 to 0.22.0-36-g8e74550d25
 12813 | D:10     | Entered Level 10 of the Dungeon
 13152 | D:10     | Reached XP level 10. HP: 77/77 MP: 11/21
 13619 | D:10     | Found a bloodstained altar of Trog.
 13624 | D:10     | Slain by a polar bear

Skill      XL: |  1  2  3  4  5  6  7  8  9 |
---------------+----------------------------+-----
Summonings     | 5 6 7 8 9 10 11 | 11.8
Spellcasting   | 3 4 5 7 |  7.6
Fighting       | 1 3 5 6 |  6.9
Air Magic      | 2 4 |  4.0
Ice Magic      | 3 |  3.6
Dodging        | |  2.2
Stealth        | |  1.8

Action                   |  1- 3 |  4- 6 |  7- 9 | 10-12 || total
-------------------------+-------+-------+-------+-------++-------
Melee: Dagger            |   147 |   185 |    82 |       ||   414
       Falchion          |       |       |    95 |       ||    95
       Spear             |       |       |    88 |    11 ||    99
 Cast: Summon Small Mamm |    13 |     1 |     1 |       ||    15
       Call Imp          |     3 |     9 |    16 |       ||    28
       Call Canine Famil |       |    18 |    51 |     3 ||    72
       Summon Guardian G |       |       |    20 |     1 ||    21
       Summon Lightning  |       |       |    12 |     4 ||    16
       Summon Ice Beast  |       |       |     9 |     3 ||    12
 Abil: Hop               |       |     1 |     2 |     1 ||     4
  Use: Scroll            |       |     2 |    10 |     1 ||    13
 Stab: Distracted        |     1 |     2 |     3 |       ||     6
       Sleeping          |     4 |     1 |     6 |       ||    11
  Eat: Chunk             |     5 |    13 |    20 |     2 ||    40
       Ration            |       |       |     4 |       ||     4
Armor: Robe              |    35 |    65 |    95 |     9 ||   204
Dodge: Dodged            |    88 |   141 |   223 |    25 ||   477
       Rpst.: Falchion   |       |       |    22 |       ||    22
